 Dungeon Crawl Stone Soup version 0.29.0-7-g18a832c13a (webtiles) character file.

Game seed: 4318369209784477375

2 smilodon the Trooper (level 1, 0/24 HPs)
             Began as an Ogre Delver on Sept 1, 2022.
             Slain by an ufetubus (2 damage)
             ... on level 4 of the Dungeon.
             The game lasted 00:01:38 (229 turns).

smilodon the Trooper (Ogre Delver)                   Turns: 229, Time: 00:01:39

Health: 0/24       AC:  3    Str: 15    XL:     1   Next: 30%
Magic:  1/1        EV:  9    Int: 11    God:
Gold:   61         SH:  0    Dex: 10    Spells: 0/0 levels left

rFire   . . .      SeeInvis .   a - +0 spear
rCold   . . .      Faith    .   (no shield)
rNeg    . . .      Spirit   .   b - +0 robe
rPois   .          Reflect  .   d - +0 hat
rElec   .          Harm     .   (no cloak)
rCorr   .          Rampage  .   (gloves unavailable)
Will    .....                   (boots unavailable)
Stlth   ++........              (no amulet)
HPRegen 0.08/turn               (no ring)
MPRegen 0.07/turn               (no ring)

@: no status effects
A: large, unfitting armour, tough skin 1
a: no special abilities


You were on level 4 of the Dungeon.
You visited 1 branch of the dungeon, and saw 2 of its levels.

You collected 61 gold pieces.

Inventory:

Hand Weapons
 a - a +0 spear (weapon)
 c - a +0 sling
Missiles
 h - an atropa-tipped dart (quivered)
Armour
 b - a +0 robe (worn)
 d - a +0 hat (worn)
Wands
 g - a wand of digging (3)
Scrolls
 e - a scroll of fear


   Skills:
 + Level 4.0 Fighting
 + Level 2.0 Polearms
 + Level 1.7 Dodging
 + Level 3.8 Stealth


You couldn't memorise any spells.
You didn't know any spells.
Your spell library was empty.

Dungeon Overview and Level Annotations

Branches:
Dungeon (5/15)
 Temple: D:4-7

Altars:
Gozag
Hepliaklqana
Kikubaaqudgha
Qazlal
Vehumet
Wu Jian


Innate Abilities, Weirdness & Mutations

You are too large for most types of armour.
You have tough skin. (AC +1)


Message History

The kobold hits you but does no damage.
You hit the kobold but do no damage.
The kobold is severely wounded.
You hit the kobold.
You kill the kobold!
Your extra speed is starting to run out.
Things that are here:
a +0 dagger; a kobold corpse You feel yourself slow down.
You open the door.
Found 9 gold pieces.
There is an open door here.
You now have 61 gold pieces (gained 9).
You open the door.
There is an open door here.
An adder comes into view.
There is an open door here.
You open the door.
An ufetubus comes into view.
There is an open door here.
The ufetubus shouts!
You open the door.
Throw: 3 darts (atropa)
Press: ? - help, Q - select action Shift-Dir - straight line, f - ufetubus
Aim: an ufetubus (38% to hit, chance to blind on hit: 100%)
You throw an atropa-tipped dart.
The atropa-tipped dart misses the ufetubus.
The ufetubus closely misses you.
The ufetubus hits you but does no damage.
Throw: 2 darts (atropa)
Press: ? - help, Q - select action Shift-Dir - straight line, f/p - ufetubus
Aim: an ufetubus (38% to hit, chance to blind on hit: 100%)
You throw an atropa-tipped dart.
The atropa-tipped dart misses the ufetubus.
The ufetubus hits you.
* * * LOW HITPOINT WARNING * * *
The ufetubus hits you.
* * * LOW HITPOINT WARNING * * *
The ufetubus hits you.
You die...

... # #5# # ... #.###.# .. ..# #
#.. #.....# #. #.# # .. ##(## #.
#. #.# # .S ##...## #. #.##.# # #
#. ##.....## #.# ..#.# # ##.#.
##......5## #..##.#.# #
#....###........@####...#.#.#####
.......'.........'...............
#....###.........####.......#####
##.#. ##.......## ##.#..### # #
#. ##.....## # #.## #. ##...##
#.# .. ##'## #.# ## #.# #.# #.#
#.#


You could see an ufetubus.

Vanquished Creatures
  A goblin (D:4)
  A kobold (D:4)
2 creatures vanquished.

Notes
Turn   | Place    | Note
-------+----------+-------------------------------------------
     0 | D:5      | smilodon the Ogre Delver began the quest for the Orb.
     0 | D:5      | Reached XP level 1. HP: 24/24 MP: 1/1
    39 | D:5      | Found a radiant altar of Vehumet.
    42 | D:5      | Found a hazy altar of Hepliaklqana.
    42 | D:5      | Found an opulent altar of Gozag.
    43 | D:5      | Found a stormy altar of Qazlal.
    43 | D:5      | Found an ancient bone altar of Kikubaaqudgha.
    45 | D:5      | Noticed an ogre
    55 | D:5      | Noticed a jelly
    61 | D:4      | Found an ornate altar of the Wu Jian Council.
   125 | D:4      | Noticed an orc wizard
   229 | D:4      | Slain by an ufetubus

Illustrated notes

Levels and vault maps discovered:
D:4:      layout_loops_corners, nicolae_overflow_crystal_walls,
          mainiacjoe_overflow_catwalk, serial_shops, nicolae_stop_n_shop_1,
          minmay_misc_feat_room
D:5:      layout_rooms, nicolae_uskayaw_en_pointe,
          fedhas_bush_and_centaur_altar,
          mainiacjoe_overflow_concentric_impassable, grunt_temple_overflow_open,
          uniq_grinder, uniq_duvessa

Action                   || total
-------------------------++-------
Melee: Spear             ||    10
Throw: Dart              ||     2
  Use: Scroll            ||     2
       Potion            ||     1
 Stab: Sleeping          ||     1
Armor: Robe              ||     2
Dodge: Dodged            ||     4
